 Dungeon Crawl Stone Soup version 0.12.2-9-gf1dcfd2 (webtiles) character file.

333 sab the Shield-Bearer (level 4, -2/39 HPs)
             Began as a Draconian Fighter on June 26, 2013.
             Slain by a gnoll
             ... wielding a +0,+2 spear
              (8 damage)
             ... on Level 3 of the Dungeon.
             The game lasted 00:10:43 (2278 turns).

sab the Shield-Bearer (Draconian Fighter)           Turns: 2278, Time: 00:10:43

HP  -2/39        AC  6     Str 19      XL: 4   Next: 82%
MP   3/3         EV 11     Int  8      God:
Gold 208         SH 18     Dex 11      Spells:  0 memorised,  3 levels left

Res.Fire  : . . .   See Invis. : .   a - +0 falchion
Res.Cold  : . . .   Warding    : .   (armour unavailable)
Life Prot.: . . .   Conserve   : .   c - +0 shield
Res.Poison: .       Res.Corr.  : .   (helmet restricted)
Res.Elec. : .       Clarity    : .   (no cloak)
Sust.Abil.: . .     Spirit.Shd : .   b - +0 pair of gauntlets
Res.Mut.  : .       Stasis     : .   (no boots)
Res.Rott. : .       Ctrl.Telep.: .   (no amulet)
Saprovore : . . .   Flight     : .   (no ring)
                                     (no ring)

@: slightly resistant to hostile enchantments, unstealthy
A: unfitting armour, AC +5
a: no special abilities


You were on level 3 of the Dungeon.
You were not hungry.

You visited 1 branch of the dungeon, and saw 3 of its levels.

You collected 188 gold pieces.

Inventory:

Hand weapons
 a - a +0,+0 falchion (weapon)
 g - a +0,+0 spear (quivered)
Missiles
 u - 10 poisoned needles
 y - a throwing net
Armour
 b - a +0 pair of gauntlets (worn)
 c - a +0 shield (worn)
 d - a +0 pair of boots
 e - a +0 robe
Comestibles
 f - a bread ration
 p - a meat ration
Scrolls
 h - a scroll of recharging {unknown}
 j - 2 scrolls of teleportation {unknown}
 l - a scroll of blinking {unknown}
 o - a scroll of remove curse {unknown}
 s - 2 scrolls of enchant weapon II {unknown}
 t - a scroll of fear {unknown}
 w - a scroll of curse jewellery {unknown}
 z - a scroll of identify {unknown}
 A - 2 scrolls of amnesia {unknown}
Jewellery
 n - an uncursed ring of see invisible {unknown}
Potions
 i - 2 potions of heal wounds {unknown}
 k - 2 potions of curing {unknown}
 m - a potion of degeneration {unknown}
 q - a potion of invisibility {unknown}
 r - a potion of cure mutation {unknown}
Carrion
 v - a rotting giant gecko corpse
 x - a rotting quokka corpse


   Skills:
 + Level 3.7 Fighting
 + Level 2.5 Long Blades
 + Level 3.9 Dodging
 + Level 0.4 Stealth
 + Level 3.9 Shields
 + Level 0.2 Traps


You had 3 spell levels left.
You didn't know any spells.

Dungeon Overview and Level Annotations

Branches:
Dungeon (3/27)

Altars:


Message History

The adder bites you but does no damage.
You barely miss the adder.
The adder is severely wounded.
The gnoll misses you. You block the adder's attack.
You slash the adder!
You kill the adder!
You block the gnoll's attack. You block the gnoll's attack.
The gnoll barely misses you.
The gnoll hits you from afar with a spear.
You see here an adder corpse.
You barely miss the gnoll. The gnoll barely misses you.
The gnoll closely misses you. The gnoll misses you.
The gnoll hits you from afar with a spear.
* * * LOW HITPOINT WARNING * * *
You hit the gnoll.
The gnoll is moderately wounded.
The gnoll hits you with a halberd.
* * * LOW HITPOINT WARNING * * *
The gnoll hits you from afar with a spear!
You die...

#....#####.##.####...###..#
#....# #...)..........#..##
#..#.# #..##.#####.(..#...#.#
#..#.####..##.# #......#...#.#
.#....##....##.# #....>.#...#.#
.#....##...%##.# #...##.#..##.#
.#....##....##.# ######.#..##.#
.............#g########....##.###
....#.........gg@................
....#......#.#.########....##.###
....#......#.#...................
###..%..##.#.####.#####.#.###.###
#....................|.......%...
.................................
#...#.####.#.####.####..........#
#####......#.# #.#.....#.###.#.#
########.# #.#.....#.# #.#.#


You could see 3 gnolls.

Vanquished Creatures
  Terence (D:2)
  2 gnolls (D:1)
  3 adders (D:3)
  A worm (D:3)
  A giant gecko (D:3)
  4 oozes
  8 goblins
  9 hobgoblins
  5 kobolds
  A quokka (D:3)
  5 bats
  A giant newt (D:1)
  5 jackals
  11 rats
57 creatures vanquished.

Vanquished Creatures (others)
  A giant cockroach (D:1)
  A giant newt (D:2)
2 creatures vanquished.

Grand Total: 59 creatures vanquished

Notes
Turn   | Place    | Note
--------------------------------------------------------------
     0 | D:1      | sab, the Draconian Fighter, began the quest for the Orb.
     0 | D:1      | Reached XP level 1. HP: 19/19 MP: 0/0
   101 | D:1      | Reached XP level 2. HP: 13/26 MP: 1/1
   369 | D:1      | Reached XP level 3. HP: 17/33 MP: 2/2
  1094 | D:2      | Noticed Terence
  1108 | D:2      | Killed Terence
  1307 | D:2      | Reached XP level 4. HP: 39/39 MP: 3/3
  2278 | D:3      | Slain by a gnoll

Action                   |  1- 3 |  4- 6 || total
-------------------------+-------+-------++-------
Melee: Falchion          |   119 |   101 ||   220
Throw: Spear             |       |     1 ||     1
 Stab: Sleeping          |     1 |       ||     1
